cohdb
Replays
Latest Replays
All Replays
Popular Replays
Top Player Replays
Match Explorer
How It Works
Community
CoH3 Stats
Reddit
Sign in to upload your games and track your stats! →
Sign in with Steam
Match 40964739
Unlisted
Match 40964739
Overview
Messages
Build Orders
End
Royal Engineer Section
Construct Section Command Post
Selects Air and Sea Battlegroup
Dingo Light Scout Car
Infantry Section
Infantry Section
Construct Platoon Command Post
Infantry Training
Selects Commando Section Paradrop
Commando Section Paradrop
Construct Company Command Post
Selects Commando Support Section Paradrop
Foot Guards Section
Matilda II Heavy Tank
Selects Anti-tank Rocket Loiter
Selects Supply Surplus
Selects UNKNOWN (223837)
CAuMOH
eliass0101
Swan
SWATxBounty
0
0
Comments
sign in to comment!
No comments posted yet!